 Dungeon Crawl Stone Soup version 0.22.1-1-ga44c0e5 (webtiles) character file.

161 sbiou the Thaumaturge (level 5, -7/37 HPs)
             Began as a Gnoll Wanderer on Oct 1, 2018.
             Mangled by Grinder (8 damage)
             ... on level 3 of the Dungeon.
             The game lasted 00:09:29 (2511 turns).

sbiou the Thaumaturge (Gnoll Wanderer)              Turns: 2511, Time: 00:09:30

Health: -7/37      AC:  5    Str: 15    XL:     5   Next: 42%
Magic:  16/16      EV: 11    Int: 14    God:
Gold:   46         SH:  0    Dex: 15    Spells: 21/22 levels left

rFire    . . .     SeeInvis .   d - +0 short sword
rCold    . . .     Gourm    .   (no shield)
rNeg     . . .     Faith    .   g - +0 ring mail
rPois    .         Spirit   .   (no helmet)
rElec    .         Reflect  .   (no cloak)
rCorr    .         Harm     .   (no gloves)
MR       .....                  (no boots)
Stlth    +.........             (no amulet)
HPRegen  0.12/turn              e - ring of attention (curse)
MPRegen  0.15/turn              (no ring)

@: no status effects
A: distributed training, fangs 1, strong nose
a: no special abilities


You were on level 3 of the Dungeon.
You were hungry.

You visited 1 branch of the dungeon, and saw 3 of its levels.

You collected 46 gold pieces.

Inventory:

Hand Weapons
 d - a +0 short sword (weapon)
Missiles
 b - 3 tomahawks (quivered)
Armour
 g - a +0 ring mail (worn)
Jewellery
 e - a cursed ring of attention (left hand)
Scrolls
 a - a scroll of immolation {unknown}
Potions
 h - a potion of heal wounds {unknown}
Comestibles
 f - 4 rations


   Skills:
 + Level 1.4 Fighting
 + Level 1.4 Short Blades
 + Level 1.4 Long Blades
 + Level 1.4 Axes
 + Level 1.4 Maces & Flails
 + Level 1.4 Polearms
 + Level 1.4 Staves
 + Level 1.4 Slings
 + Level 1.4 Bows
 + Level 1.4 Crossbows
 + Level 1.4 Throwing
 + Level 1.4 Armour
 + Level 1.4 Dodging
 + Level 2.7 Stealth
 + Level 1.4 Shields
 + Level 1.4 Unarmed Combat
 + Level 9.4 Spellcasting
 + Level 3.9 Conjurations
 + Level 3.9 Hexes
 + Level 1.1 Charms
 + Level 1.1 Summonings
 + Level 1.1 Necromancy
 + Level 1.1 Translocations
 + Level 1.1 Transmutations
 + Level 1.1 Fire Magic
 + Level 1.1 Ice Magic
 + Level 1.1 Air Magic
 + Level 1.1 Earth Magic
 + Level 1.1 Poison Magic
 + Level 1.6 Invocations
 + Level 3.0 Evocations


You had 21 spell levels left.
You knew the following spells:

 Your Spells              Type           Power        Failure   Level  Hunger
a - Magic Dart            Conj           ###.         4%          1    None

Your spell library contained the following spells:

 Spells                   Type           Power        Failure   Level  Hunger
 Searing Ray              Conj           ###...       6%          2    None
 Sting                    Conj/Pois      ##..         8%          1    None
 Dazzling Spray           Conj/Hex       ###...       12%         3    #......
 Ignite Poison            Fire/Tmut/Pois #.......     36%         3    #......
 Fulminant Prism          Conj/Hex       ###.......   38%         4    ###....
 Iskenderun's Mystic Bla  Conj           ###.....     38%         4    ###....
 Force Lance              Conj/Tloc      ##......     58%         4    ###....


Dungeon Overview and Level Annotations

Branches:
Dungeon (3/15)

Altars:
Fedhas
Okawaru

Annotations:
D:3 Grinder


Innate Abilities, Weirdness & Mutations

Your experience applies equally to all skills.
You have very sharp teeth.
Your uncanny sense of smell can sniff out nearby items.


Message History

Grinder hits you.
* * * LOW HITPOINT WARNING * * *
You completely miss Grinder.
Grinder is moderately wounded.
Grinder misses you.
You closely miss Grinder.
Grinder is moderately wounded.
Grinder says, "You look like you could use a good racking."
Grinder hits you but does no damage.
You barely miss Grinder.
Grinder is moderately wounded.
Grinder misses you.
You closely miss Grinder.
Grinder is moderately wounded.
Grinder hits you.
* * * LOW HITPOINT WARNING * * *
You hit Grinder but do no damage.
Grinder is moderately wounded.
Grinder hits you!
You die...

#.. ###.. ### .....
..# ## ###.# #.. .#
#.##.... #.. .#
#.#..... #..###.#
#.#..... #....#.#
#....._.
######...@5#
#.#.....
.........###
#.#..... #######..#
#.##.... .........#
#.####.# ########.#
#.......
#.############.#.##
#.......)..........
###################


You could see Grinder.

Vanquished Creatures
  An orc wizard (D:3)
  A hound skeleton (D:2)
  5 adders (D:2)
  2 worms (D:2)
  2 dart slugs
  3 leopard geckos (D:1)
  2 orcs (D:3)
  5 bats
  3 giant cockroaches
  5 goblins
  4 hobgoblins
  11 jackals (D:1)
  9 kobolds
  5 frilled lizards
  2 rats (D:1)
60 creatures vanquished.

Notes
Turn   | Place    | Note
-------+----------+-------------------------------------------
     0 | D:1      | Reached skill level 9 in Spellcasting
     0 | D:1      | sbiou the Gnoll Wanderer began the quest for the Orb.
     0 | D:1      | sbiou set off with: a potion of lignification, a +0 robe, a
                  | +0 club, a ration
     0 | D:1      | Reached XP level 1. HP: 13/13 MP: 10/10
     2 | D:1      | Learned a level 1 spell: Magic Dart
   148 | D:1      | Reached XP level 2. HP: 19/19 MP: 4/12
   312 | D:1      | Reached XP level 3. HP: 19/25 MP: 11/13
   834 | D:1      | Reached skill level 1 in Invocations
  1051 | D:2      | Reached skill level 1 in Fighting
  1051 | D:2      | Reached skill level 1 in Short Blades
  1051 | D:2      | Reached skill level 1 in Long Blades
  1051 | D:2      | Reached skill level 1 in Axes
  1051 | D:2      | Reached skill level 1 in Maces & Flails
  1051 | D:2      | Reached skill level 1 in Polearms
  1051 | D:2      | Reached skill level 1 in Staves
  1051 | D:2      | Reached skill level 1 in Slings
  1051 | D:2      | Reached skill level 1 in Bows
  1051 | D:2      | Reached skill level 1 in Crossbows
  1051 | D:2      | Reached skill level 1 in Throwing
  1051 | D:2      | Reached skill level 1 in Armour
  1051 | D:2      | Reached skill level 1 in Dodging
  1051 | D:2      | Reached skill level 1 in Shields
  1051 | D:2      | Reached skill level 1 in Unarmed Combat
  1057 | D:2      | Reached XP level 4. HP: 25/32 MP: 11/15
  1259 | D:2      | Found a blossoming altar of Fedhas.
  1339 | D:2      | Reached skill level 1 in Charms
  1339 | D:2      | Reached skill level 1 in Summonings
  1339 | D:2      | Reached skill level 1 in Necromancy
  1339 | D:2      | Reached skill level 1 in Translocations
  1339 | D:2      | Reached skill level 1 in Transmutations
  1339 | D:2      | Reached skill level 1 in Fire Magic
  1339 | D:2      | Reached skill level 1 in Ice Magic
  1339 | D:2      | Reached skill level 1 in Air Magic
  1339 | D:2      | Reached skill level 1 in Earth Magic
  1339 | D:2      | Reached skill level 1 in Poison Magic
  1959 | D:2      | Reached XP level 5. HP: 27/37 MP: 16/16
  2459 | D:3      | Found an iron altar of Okawaru.
  2488 | D:3      | Noticed Grinder
  2510 | D:3      | HP: 1/37 [Grinder (5)]
  2511 | D:3      | Mangled by Grinder

Skill      XL: |  1  2  3  4  5 |
---------------+----------------+-----
Spellcasting   | |  9.4
Invocations    | 1 |  1.6
Fighting       | 1 |  1.4
Short Blades   | 1 |  1.4
Long Blades    | 1 |  1.4
Axes           | 1 |  1.4
Maces & Flails | 1 |  1.4
Polearms       | 1 |  1.4
Staves         | 1 |  1.4
Slings         | 1 |  1.4
Bows           | 1 |  1.4
Crossbows      | 1 |  1.4
Throwing       | 1 |  1.4
Armour         | 1 |  1.4
Dodging        | 1 |  1.4
Shields        | 1 |  1.4
Unarmed Combat | 1 |  1.4
Charms         | 1 |  1.1
Summonings     | 1 |  1.1
Necromancy     | 1 |  1.1
Translocations | 1 |  1.1
Transmutations | 1 |  1.1
Fire Magic     | 1 |  1.1
Ice Magic      | 1 |  1.1
Air Magic      | 1 |  1.1
Earth Magic    | 1 |  1.1
Poison Magic   | 1 |  1.1
Evocations     | 3 |  3.0
Stealth        | |  2.7
Conjurations   | |  3.9
Hexes          | |  3.9

Action                   |  1- 3 |  4- 6 || total
-------------------------+-------+-------++-------
Melee: Club              |    51 |       ||    51
       Bite              |     4 |    16 ||    20
       Short sword       |    32 |   112 ||   144
       Dagger            |       |    39 ||    39
 Cast: Magic Dart        |    41 |     5 ||    46
  Use: Potion            |     1 |     3 ||     4
       Scroll            |       |     2 ||     2
 Stab: Sleeping          |       |     1 ||     1
  Eat: Ration            |       |     1 ||     1
       Chunk             |       |     1 ||     1
Armor: Skin              |    21 |       ||    21
       Robe              |     4 |       ||     4
       Plate armour      |    60 |    36 ||    96
       Leather armour    |       |    17 ||    17
       Ring mail         |       |     3 ||     3
Dodge: Dodged            |    35 |    53 ||    88
